 Dungeon Crawl Stone Soup version 0.29.1-12-g30fa7ad0bf (webtiles) character file.

Game seed: 12416205793318828881

738 bnorton916 the Magician (level 7, -1/36 HPs)
             Began as a Deep Elf Fire Elementalist on Jan 4, 2023.
             Was an Initiate of Gozag.
             Killed from afar by Maggie (11 damage)
             ... with a bolt of fire
             ... on level 6 of the Dungeon.
             The game lasted 00:07:26 (7756 turns).

bnorton916 the Magician (DEFE)                      Turns: 7756, Time: 00:07:27

Health: -1/36      AC:  6    Str:  5    XL:     7   Next: 46%
Magic:  17/17      EV: 12    Int: 22    God:    Gozag
Gold:   151        SH:  0    Dex: 15    Spells: 7/17 levels left

rFire   . . .      SeeInvis .   (no weapon)
rCold   . . .      Faith    .   (no shield)
rNeg    . . .      Spirit   .   C - +2 robe {Will+}
rPois   .          Reflect  .   (no helmet)
rElec   .          Harm     .   D - +1 cloak
rCorr   .          Rampage  .   (no gloves)
Will    +....                   (no boots)
Stlth   ++........              n - amulet of regeneration
HPRegen 0.92/turn               (no ring)
MPRegen 0.15/turn               (no ring)

@: no status effects
A: no striking features
a: Renounce Religion, Potion Petition, Call Merchant, Bribe Branch


You were on level 6 of the Dungeon.
You worshipped Gozag.
Gozag was aware of your devotion.
You visited 2 branches of the dungeon, and saw 7 of its levels.

You collected 277 gold pieces.
You spent 70 gold pieces at shops.
You paid 56 gold pieces to Gozag.

Inventory:

Missiles
 u - 58 stones
Armour
 s - a +3 leather armour
 v - a +0 leather armour of poison resistance
 y - a +0 buckler
 C - a +2 robe of willpower (worn)
 D - a +1 cloak (worn)
Magical Staves
 i - a staff of cold
Jewellery
 n - an amulet of regeneration (around neck)
 w - an amulet of the acrobat
Wands
 o - a wand of flame (44)
 t - a wand of acid (9)
 A - a wand of paralysis (11)
Scrolls
 a - a scroll of fear {unknown}
 d - a scroll of silence {unknown}
 f - 2 scrolls of identify
 g - 2 scrolls of vulnerability {unknown}
 j - a scroll of acquirement {unknown}
 k - a scroll of enchant weapon {unknown}
 l - 2 scrolls of teleportation
 m - a scroll of amnesia {unknown}
 q - a scroll of fog {unknown}
 x - a scroll of poison {unknown}
Potions
 b - a potion of magic
 c - 3 potions of curing
 e - 3 potions of might {unknown}
 h - 3 potions of heal wounds {unknown}
 p - a potion of haste {unknown}
 r - a potion of flight {unknown}
 z - a potion of lignification {unknown}
 B - a potion of degeneration {unknown}
 E - 2 potions of invisibility {unknown}


   Skills:
 - Level 4.0 Armour
 - Level 2.4 Dodging
 - Level 2.4 Stealth
 + Level 5.7 Spellcasting
 + Level 4.1 Conjurations
 + Level 5.3 Fire Magic


You had 7 spell levels left.
You knew the following spells:

 Your Spells              Type           Power      Damage    Failure   Level
a - Foxfire               Conj/Fire      100%       2x1d9     1%          1
b - Scorch                Fire           58%        2d7       1%          2
c - Conjure Flame         Conj/Fire      27%        6-21      4%          3
d - Flame Wave            Conj/Fire      27%        2d9       13%         4

Your spell library contained the following spells:

 Spells                   Type           Power      Damage    Failure   Level
 Apportation              Tloc           12%        N/A       10%         1
 Necrotise                Necr           24%        1d5       10%         1
 Summon Small Mammal      Summ           24%        N/A       10%         1
 Inner Flame              Hex/Fire       17%        N/A       10%         3
 Summon Cactus Giant      Summ           3%         N/A       100%        6


Dungeon Overview and Level Annotations

Branches:
Dungeon (6/15)             Temple (1/1) D:5

Altars:
Ashenzari
Cheibriados
Elyvilon
Fedhas
Gozag
Hepliaklqana
Kikubaaqudgha
Makhleb
Nemelex Xobeh
Okawaru
Qazlal
Ru
Sif Muna
Uskayaw
Vehumet
Xom
Yredelemnul
Zin

Shops:
D:1 ?

Annotations:
D:6 Maggie


Message History

Confirm with . or Enter, or press ? or * to list all spells.
You conjure some foxfire!
The iguana hisses angrily.
The foxfire hits the iguana.
The iguana is lightly wounded.
The foxfire hits the iguana.
The iguana is moderately wounded.
Casting: Foxfire (safe; 1% risk of failure)
Confirm with . or Enter, or press ? or * to list all spells.
You conjure some foxfire!
The foxfire hits the iguana.
The iguana is heavily wounded.
The foxfire hits the iguana.
The iguana is heavily wounded.
Casting: Foxfire (safe; 1% risk of failure)
Confirm with . or Enter, or press ? or * to list all spells.
You conjure some foxfire!
The foxfire hits the iguana.
The iguana is severely wounded.
The foxfire hits the iguana!
You kill the iguana!
Magic restored.
You now have 138 gold pieces (gained 9).
u - 58 stones (gained 6)
You now have 151 gold pieces (gained 13).
Maggie the Vainglorious comes into view.
She is wielding a +0 glaive.
Maggie shouts!
Maggie mumbles some strange words.
Maggie attempts to bespell you! You resist with almost no effort.
A jelly comes into view.
Maggie points at you and mumbles some strange words.
The bolt of fire hits you!!
Ouch! That really hurt!
* * * LOW HITPOINT WARNING * * *
Maggie mutters to herself, "Master Lance won't take me back.
This is the way forward."
Maggie says, "Have you seen any dragons?"
Maggie points at you and mumbles some strange words.
The bolt of fire hits you!
You die...
Your body crumbles into a pile of gold.

#...# #...#
#J@.# #...#
#...#
########...####.
#...............
................
#.$.^..@........
########...####.
#.#.# .###.# #
##


You could see Maggie and a jelly.

Vanquished Creatures
  Sigmund (D:3)
  3 jellies (D:5)
  4 orc priests
  3 hounds
  Jessica (D:3)
  2 iguanas
  Ijyb (D:5)
  An orc wizard (D:5)
  3 adders
  A white imp (D:5)
  2 ufetubi (D:5)
  A dart slug (D:1)
  13 orcs
  11 ball pythons
  11 endoplasms
  4 giant cockroaches
  13 goblins
  10 hobgoblins
  2 jackals (D:3)
  3 quokkas
  6 bats
  4 frilled lizards
  7 kobolds
  2 rats (D:1)
109 creatures vanquished.

Vanquished Creatures (collateral kills)
  3 foxfires (D:2)
3 creatures vanquished.

Vanquished Creatures (others)
  405 foxfires
405 creatures vanquished.

Grand Total: 517 creatures vanquished

Notes
Turn   | Place    | Note
-------+----------+-------------------------------------------
     0 | D:1      | bnorton916 the Deep Elf Fire Elementalist began the quest
                  | for the Orb.
     0 | D:1      | Reached XP level 1. HP: 10/10 MP: 6/6
   232 | D:1      | Reached XP level 2. HP: 11/15 MP: 5/8
   536 | D:1      | Found a faded altar of an unknown god.
   989 | D:1      | Reached XP level 3. HP: 19/19 MP: 6/10
  1100 | D:1      | Found Dotit's Magic Scroll Boutique.
  2093 | D:2      | Learned a level 2 spell: Scorch
  2381 | D:3      | Found a broken altar of Ashenzari.
  2585 | D:3      | Noticed Sigmund
  2594 | D:3      | Killed Sigmund
  2595 | D:3      | Reached skill level 5 in Spellcasting
  2595 | D:3      | Reached XP level 4. HP: 16/24 MP: 5/13
  2595 | D:3      | Reached XP level 5. HP: 18/28 MP: 5/14
  2763 | D:3      | Learned a level 3 spell: Conjure Flame
  2768 | D:3      | Learned a level 4 spell: Flame Wave
  2773 | D:3      | Found a hide-covered altar of Uskayaw.
  2808 | D:3      | Reached skill level 5 in Fire Magic
  3245 | D:3      | Reached XP level 6. HP: 32/32 MP: 10/16
  3377 | D:3      | Found an iron altar of Okawaru.
  3453 | D:3      | Noticed Jessica
  3457 | D:3      | Killed Jessica
  3458 | D:3      | Reached skill level 1 in Armour
  3607 | D:3      | Found an ancient bone altar of Kikubaaqudgha.
  5320 | D:4      | Found a radiant altar of Vehumet.
  5761 | D:5      | Entered Level 5 of the Dungeon
  5922 | D:5      | Reached XP level 7. HP: 3/36 MP: 13/17
  6371 | D:5      | Found a staircase to the Ecumenical Temple.
  6378 | Temple   | Entered the Ecumenical Temple
  6521 | Temple   | Became a worshipper of Gozag Ym Sagoz the Greedy
  6633 | D:1      | Bought a scroll of teleportation for 42 gold pieces
  6633 | D:1      | Bought a scroll of identify for 28 gold pieces
  6807 | D:5      | Noticed Ijyb
  6818 | D:5      | Killed Ijyb
  7594 | D:5      | Found a sacrificial altar of Ru.
  7745 | D:6      | Noticed Maggie
  7756 | D:6      | Killed from afar by Maggie

Illustrated notes

Levels and vault maps discovered:
D:1:      dpeg_arrival_connections, layout_basic,
          dreamdust_ecumenical_altar_statues, serial_shops, shop
D:2:      layout_rooms, guppyfry_early_lair_pool
D:3:      layout_basic, ashenzari_altar_1, kiku_gazebo_pond_becter,
          nicolae_overflow_crystal_walls, okawaru_altar_gauntlet_db,
          serial_aquarium, aquarium_bridge_straight [aquarium_subvault_bridge,
          aquarium_subvault_window, aquarium_subvault_bridge,
          aquarium_subvault_balcony], aquarium_bridge_square
          [aquarium_subvault_bridge, aquarium_subvault_bridge,
          aquarium_subvault_window, aquarium_subvault_bridge],
          aquarium_window_fake, aquarium_window_fake, aquarium_view_2b,
          aquarium_view_2d, aquarium_balcony_1b, uniq_jessica, uniq_sigmund
D:4:      layout_basic, kennysheep_mini
D:5:      layout_loops_corners, marbit_many_paths,
          minmay_temple_entry_statues_fountains, uniq_ijyb
D:6:      layout_loops_cross, serial_shops, nicolae_diamond_shop, uniq_maggie,
          uniq_crazy_yiuf_cottage
Temple:   hellmonk_temple_forest_ring

Skill      XL: |  1  2  3  4  5  6  7 |
---------------+----------------------+-----
Conjurations   | 2 3 4 |  4.1
Fire Magic     | 4 5 |  5.3
Spellcasting   | 5 |  5.7
Armour         | 3 4 |  4.0
Dodging        | |  2.4
Stealth        | |  2.4

Action                   |  1- 3 |  4- 6 |  7- 9 || total
-------------------------+-------+-------+-------++-------
 Cast: Foxfire           |   128 |    71 |    45 ||   244
       Scorch            |     3 |    23 |     9 ||    35
  Use: Potion            |       |       |     1 ||     1
Armor: Robe              |     1 |     2 |     4 ||     7
Dodge: Dodged            |    17 |    13 |     4 ||    34
